 Dungeon Crawl Stone Soup version 0.24.1-5-g77f818bfca (webtiles) character file.

Game seed: 9065959340808418591, levelgen mode: deterministic

32022 Curus the Spear-Bearer (level 13, -7/119 HPs)
             Began as a Minotaur Gladiator on Apr 24, 2020.
             Was the Champion of Makhleb.
             Mangled by a seven-headed hydra (11 damage)
             ... on level 4 of the Lair of Beasts.
             The game lasted 01:18:36 (14658 turns).

Curus the Spear-Bearer (Minotaur Gladiator)        Turns: 14658, Time: 01:18:37

Health: -7/119     AC:  8    Str: 21    XL:     13   Next: 29%
Magic:  18/18      EV: 19    Int:  7    God:    Makhleb [******]
Gold:   992        SH:  0    Dex: 13    Spells: 12/12 levels left

rFire    . . .     SeeInvis .   g - +4 halberd (flame)
rCold    . . .     Gourm    .   (shield currently unavailable)
rNeg     + . .     Faith    .   w - +0 steam dragon scales
rPois    +         Spirit   .   c - +1 hat
rElec    .         Reflect  .   u - scarf {cloud immunity}
rCorr    .         Harm     .   C - +1 pair of gloves
MR       .....                  (no boots)
Stlth    +.........             (no amulet)
HPRegen  0.29/turn              F - ring of positive energy
MPRegen  0.16/turn              z - ring of poison resistance

@: no status effects
A: retaliatory headbutt, horns 2
a: Minor Destruction, Lesser Servant of Makhleb, Major Destruction, Greater
Servant of Makhleb, Renounce Religion


You were on level 4 of the Lair of Beasts.
You worshipped Makhleb.
Makhleb was exalted by your worship.
You were hungry.

You visited 3 branches of the dungeon, and saw 16 of its levels.

You collected 992 gold pieces.

Inventory:

Hand Weapons
 a - a +4 trident of venom
 g - a +4 halberd of flaming (weapon)
 k - a -2 glaive
 L - a +0 bardiche
Missiles
 d - 4 throwing nets (quivered)
Armour
 b - a +0 leather armour
 c - a +1 hat (worn)
 n - a +4 ring mail
 r - a +0 cloak
 u - a scarf of cloud immunity (worn)
 w - +0 steam dragon scales (worn)
 B - the +5 plate armour of Gravitas {+Fly}
   (You found it on level 9 of the Dungeon)

   It lets you fly.
 C - a +1 pair of gloves (worn)
Jewellery
 s - an uncursed ring of see invisible
 z - a ring of poison resistance (right hand)
 F - a ring of positive energy (left hand)
Wands
 p - a wand of polymorph (18)
 v - a wand of random effects (35)
 x - a wand of iceblast (8)
 A - a wand of acid (5)
 E - a wand of scattershot (5)
Scrolls
 e - 3 scrolls of fear
 h - 13 scrolls of identify
 j - 2 scrolls of teleportation
 m - 4 scrolls of amnesia
 o - 2 scrolls of fog
 q - 8 scrolls of remove curse
 y - 2 scrolls of magic mapping
 D - 2 scrolls of enchant weapon
 K - a scroll of silence
Potions
 i - a potion of mutation
 l - a potion of magic
 t - a potion of brilliance
 G - 2 potions of flight
 H - a potion of agility
 I - a potion of invisibility
 J - a potion of cancellation
Comestibles
 f - 27 rations


   Skills:
 - Level 12.6 Fighting
 + Level 14.8 Polearms
 - Level 2.0 Throwing
 - Level 11.9 Dodging
 + Level 9.1 Invocations
 - Level 7.1 Evocations


You had 12 spell levels left.
You didn't know any spells.
Your spell library contained the following spells:

 Spells                   Type           Power        Failure   Level  Hunger
 Animate Skeleton         Necr           N/A          43%         1    ##.....
 Apportation              Tloc           #.....       43%         1    ##.....
 Confusing Touch          Hex            #.....       43%         1    ##.....
 Corona                   Hex            #......      43%         1    ##.....
 Flame Tongue             Conj/Fire      #....        43%         1    ##.....
 Magic Dart               Conj           #...         43%         1    ##.....
 Summon Small Mammal      Summ           #...         43%         1    ##.....
 Ensorcelled Hibernation  Hex/Ice        #.....       56%         2    ###....
 Searing Ray              Conj           #.....       56%         2    ###....
 Throw Flame              Conj/Fire      #.....       56%         2    ###....
 Confuse                  Hex            #.......     80%         3    ####...
 Conjure Flame            Conj/Fire      #.......     80%         3    ####...
 Dazzling Spray           Conj/Hex       #.....       80%         3    ####...
 Inner Flame              Hex/Fire       #.......     80%         3    ####...
 Tukima's Dance           Hex            #.......     80%         3    ####...
 Force Lance              Conj/Tloc      #.......     99%         4    #####..
 Fulminant Prism          Conj/Hex       #.........   99%         4    #####..
 Iskenderun's Mystic Bla  Conj           #.......     99%         4    #####..
 Sticky Flame             Conj/Fire      #.......     99%         4    #####..
 Fireball                 Conj/Fire      #.........   100%        5    ######.


Dungeon Overview and Level Annotations

Branches:
Dungeon (11/15)            Temple (1/1) D:5            Lair (4/6) D:11
  Swamp (0/4) Lair:2       Spider (0/4) Lair:2          Orc (0/2) D:10

Altars:
Ashenzari
Dithmenos
Fedhas
Gozag
Hepliaklqana
Kikubaaqudgha
Makhleb
Nemelex Xobeh
Ru
Sif Muna
Trog
Uskayaw
Vehumet
Wu Jian
Yredelemnul

Annotations:
D:3 Ijyb
D:9 exclusion: oklob plant
Lair:2 1 runed translucent door, exclusion: 3 oklob plants, Kolyll's ghost, journeyman HOFi
Lair:3 1 runed translucent door


Innate Abilities, Weirdness & Mutations

You reflexively headbutt those who attack you in melee.
You have a pair of horns on your head.


Message History

The seven-headed hydra misses you. The seven-headed hydra bites you!
* * * LOW HITPOINT WARNING * * *
The seven-headed hydra bites you but does no damage.
The seven-headed hydra completely misses you. x2
Your hellwing hits the komodo dragon. x2
The komodo dragon bites your hellwing.
Your hellwing hits the komodo dragon.
Your hellwing completely misses the komodo dragon.
The komodo dragon bites your hellwing!
Your hellwing hits the komodo dragon! Your hellwing hits the komodo dragon.
The komodo dragon bites your hellwing!!
Your hellwing dies!
The komodo dragon hisses angrily.
The seven-headed hydra bites you.
* * * LOW HITPOINT WARNING * * *
The seven-headed hydra bites you but does no damage.
The seven-headed hydra misses you.
The seven-headed hydra barely misses you.
The seven-headed hydra misses you. The seven-headed hydra bites you!
You die...

#.......# ......
##.##'##.####.....#
#..#...#..#......####
##.'.⌠.##..<..# ##...
####...#.....##.....
#....####.#......##
##...[.........##.#
###....⌠..........#
#.#......@.###.....
#####....⌠...D.##..P..#
#..#..#........###PP..#
##..###....⌠....##....# ###
####.........l..##..†#
#.####.....#####.....#...#
##........## ####........###
#.>.....#####P..##.⌠....#.#####
#...##.## #......#...#..†.....#


You could see a seven-headed hydra and a komodo dragon.

Vanquished Creatures
  Josephine (D:11)
  2 hydras (Lair:3)
  Erica (D:11)
  Nergalle (D:11)
  Sonja (D:10)
  An unseen horror (D:10)
  An ugly thing (D:11)
  A manticore (D:11)
  13 elephants
  A black mamba (Lair:2)
  6 spiny frogs
  3 rime drakes (Lair:2)
  4 komodo dragons (Lair:3)
  A queen bee (Lair:2)
  A troll (D:9)
  Prince Ribbit (D:6)
  2 hornets (D:11)
  7 hippogriffs
  3 slime creatures (D:11)
  4 blink frogs
  A redback (Lair:2)
  5 wraiths (D:11)
  4 wyverns
  17 yaks
  3 steam dragons
  3 basilisks
  A swamp worm (Lair:2)
  8 water moccasins
  A soldier ant (D:11)
  7 porcupines
  3 black bears
  7 orc warriors
  An ice beast (D:7)
  2 sky beasts (D:11)
  A hornet zombie (D:8)
  4 ogres
  2 phantoms
  An eye of draining (D:11)
  4 wolves (Lair:2)
  4 centaurs
  6 crocodiles
  A big kobold (D:7)
  16 bullfrogs
  A wyvern zombie (D:6)
  A water moccasin zombie (D:5)
  6 scorpions
  42 killer bees
  5 wights (D:11)
  A howler monkey (D:6)
  2 electric eels
  5 crimson imps
  A quasit (D:8)
  A bullfrog zombie (D:5)
  A centaur skeleton (D:7)
  4 jellies
  4 bullfrog skeletons
  10 hounds
  4 orc priests
  Crazy Yiuf (D:6)
  An iguana (D:5)
  9 hell rats
  16 orc wizards
  4 worker ants
  Terence (D:2)
  4 hound skeletons
  4 gnolls (D:4)
  16 adders
  3 river rats (Lair:4)
  A shadow imp (D:9)
  An ooze (D:7)
  An adder skeleton (D:6)
  2 worms
  3 dart slugs
  9 leopard geckos
  39 orcs
  3 bat skeletons (D:3)
  4 bat zombies (D:3)
  2 giant cockroaches
  2 gnoll zombies (D:5)
  5 hobgoblins
  8 quokkas
  3 frilled lizards
  5 goblins
  A jackal skeleton (D:4)
  12 kobolds
  A leopard gecko skeleton (D:9)
  A quokka skeleton (D:9)
  15 rats
422 creatures vanquished.

Vanquished Creatures (others)
  A sky beast (D:5)
  An orc (D:10)
  3 bushes (Lair:3)
  A fungus (Lair:3)
  4 plants (Lair:3)
10 creatures vanquished.

Grand Total: 432 creatures vanquished

Notes
Turn   | Place    | Note
-------+----------+-------------------------------------------
     0 | D:1      | Curus the Minotaur Gladiator began the quest for the Orb.
     0 | D:1      | Reached XP level 1. HP: 18/18 MP: 0/0
   146 | D:1      | Reached skill level 4 in Polearms
   220 | D:1      | Reached XP level 2. HP: 25/25 MP: 1/1
   224 | D:1      | Found a shattered altar of Ashenzari.
   762 | D:2      | Noticed Terence
   775 | D:2      | Reached skill level 5 in Polearms
   775 | D:2      | Reached XP level 3. HP: 30/30 MP: 2/2
   780 | D:2      | Killed Terence
   930 | D:2      | Found an opulent altar of Gozag.
   957 | D:2      | Reached XP level 4. HP: 36/37 MP: 3/3
  1011 | D:2      | Reached skill level 6 in Polearms
  1133 | D:2      | Gained mutation: You tend to lose your temper in combat.
                  | [potion of mutation]
  1133 | D:2      | Gained mutation: You evolve. [potion of mutation]
  1565 | D:3      | Noticed Ijyb
  1773 | D:3      | Lost mutation: You tend to lose your temper in combat.
                  | [evolution]
  1927 | D:3      | Found an ancient bone altar of Kikubaaqudgha.
  2171 | D:4      | Reached skill level 7 in Polearms
  2171 | D:4      | Reached XP level 5. HP: 42/42 MP: 4/4
  2282 | D:4      | Found a hazy altar of Hepliaklqana.
  2478 | D:4      | Reached skill level 8 in Polearms
  2650 | D:4      | Reached XP level 6. HP: 35/50 MP: 5/5
  2701 | D:4      | Lost mutation: You evolve. [evolution]
  3091 | D:5      | Entered Level 5 of the Dungeon
  3092 | D:5      | Found a staircase to the Ecumenical Temple.
  3101 | Temple   | Entered the Ecumenical Temple
  3112 | Temple   | Became a worshipper of Makhleb the Destroyer
  3194 | D:5      | Found a shimmering blue altar of Sif Muna.
  3236 | D:5      | Reached skill level 9 in Polearms
  3597 | D:5      | Noticed a sky beast
  3598 | D:5      | Found an ornate altar of the Wu Jian Council.
  3608 | D:5      | Killed a sky beast
  3608 | D:5      | Reached XP level 7. HP: 9/56 MP: 6/6
  3619 | D:5      | Reached skill level 10 in Polearms
  4338 | D:5      | Found a basalt altar of Yredelemnul.
  4742 | D:6      | Reached skill level 11 in Polearms
  4755 | D:6      | Reached * piety under Makhleb
  4821 | D:6      | Reached XP level 8. HP: 35/62 MP: 7/7
  5090 | D:6      | Reached skill level 12 in Polearms
  5213 | D:6      | Found a runed translucent door.
  5214 | D:6      | Noticed Crazy Yiuf
  5248 | D:6      | Noticed Prince Ribbit
  5344 | D:6      | Killed Crazy Yiuf
  5404 | D:7      | Reached skill level 13 in Polearms
  5498 | D:6      | Killed Prince Ribbit
  5675 | D:7      | Reached XP level 9. HP: 68/68 MP: 8/8
  5692 | D:7      | Reached ** piety under Makhleb
  5736 | D:7      | Reached skill level 14 in Polearms
  6541 | D:8      | Reached skill level 5 in Dodging
  6566 | D:8      | Reached skill level 5 in Fighting
  6981 | D:8      | Reached *** piety under Makhleb
  7162 | D:8      | Found a bloodstained altar of Trog.
  7162 | D:8      | Found a sacrificial altar of Ru.
  7604 | D:9      | Reached XP level 10. HP: 42/86 MP: 9/9
  8635 | D:9      | Got a transparent plate armour
  8662 | D:9      | Found a blossoming altar of Fedhas.
  8683 | D:9      | Noticed an oklob plant
  9060 | D:9      | Identified the +5 plate armour of Gravitas {+Fly} (You
                  | found it on level 9 of the Dungeon)
  9062 | D:10     | Entered Level 10 of the Dungeon
  9121 | D:10     | Noticed an unseen horror
  9130 | D:10     | Killed an unseen horror
  9130 | D:10     | Noticed Sonja
  9147 | D:11     | Noticed a cyan ugly thing
  9162 | D:11     | Killed a cyan ugly thing
  9172 | D:11     | Noticed Nergalle
  9189 | D:11     | Noticed a spectral orc warlord
  9194 | D:11     | Killed Nergalle
  9194 | D:11     | Reached skill level 10 in Fighting
  9232 | D:11     | Reached **** piety under Makhleb
  9234 | D:11     | Found a staircase to the Lair.
  9251 | D:11     | Reached skill level 10 in Dodging
  9251 | D:11     | Reached XP level 11. HP: 54/101 MP: 10/10
  9339 | D:11     | Noticed Erica
  9351 | D:11     | Killed Erica
  9395 | D:11     | Noticed Josephine
  9453 | D:11     | Killed Josephine
  9849 | D:11     | HP: 5/104 [wraith[Josephine] (1)]
 10385 | D:10     | Found a staircase to the Orcish Mines.
 10580 | D:10     | Killed Sonja
 10880 | D:11     | Reached ***** piety under Makhleb
 11320 | Lair:1   | Entered Level 1 of the Lair of Beasts
 11324 | Lair:1   | Reached skill level 1 in Invocations
 11536 | Lair:1   | Reached skill level 1 in Evocations
 12094 | Lair:2   | Reached XP level 12. HP: 113/113 MP: 11/13
 12104 | Lair:2   | Found a hole to the Spider Nest.
 12365 | Lair:2   | Found a runed translucent door.
 12367 | Lair:2   | Noticed Kolyll's ghost (journeyman HOFi)
 12473 | Lair:2   | Reached skill level 5 in Invocations
 12504 | Lair:2   | Reached skill level 5 in Evocations
 12807 | Lair:2   | Found a staircase to the Swamp.
 13210 | Lair:3   | Reached ****** piety under Makhleb
 13265 | Lair:3   | Noticed a six-headed hydra
 13265 | Lair:3   | Noticed a four-headed hydra
 13308 | Lair:3   | Killed a four-headed hydra
 13315 | Lair:3   | Killed a six-headed hydra
 13713 | Lair:3   | Found a runed translucent door.
 13864 | Lair:3   | Reached XP level 13. HP: 103/119 MP: 18/18
 14636 | Lair:4   | HP: 2/119 [seven-headed hydra (14)]
 14658 | Lair:4   | HP: 4/119 [seven-headed hydra (4)]
 14658 | Lair:4   | Mangled by a seven-headed hydra

Levels and vault maps discovered:
D:1:      minmay_arrival_four_loops, layout_basic, evilmike_ruin_ashenzari
D:2:      layout_loops_ring, nicolae_gozag_cash_rules_everything_around_me,
          uniq_terence
D:3:      layout_loops_cross, kennysheep_vampire_church, first_ration, uniq_ijyb
D:4:      layout_basic, overflow_temple_1_default
D:5:      layout_basic, lemuel_coloured_pillars_altar,
          lemuel_zombie_altar_yredelemnul, temple_fountains, basic_altar
D:6:      layout_basic, uniq_prince_ribbit1, uniq_crazy_yiuf_cottage
D:7:      kennysheep_steamy, layout_basic
D:8:      layout_basic, gammafunk_temple_overflow_statue
D:9:      layout_basic, tgw_fedhas
D:10:     layout_basic, david_orc_3, uniq_sonja
D:11:     layout_cave_pools, david_lair_generic,
          portal_ice_cave_entry_pillars_1, hangedman_pestilent_swarm,
          roderic_serpentine_path, kennysheep_path_1, minmay_misc_feat_roman,
          grunt_ministairs_13, uniq_erica, uniq_josephine, uniq_nergalle
Temple:   eino_temple_water
Lair:1:   layout_hall_layers
Lair:2:   hangedman_what_comes_after_a, layout_big_grid,
          nicolae_swamp_entry_splash_gauntlet, spider_nest_entry_a,
          ebering_ghost_inner_flame, infiniplex_staircase_pool_2,
          lemuel_fruit_tree
Lair:3:   gammafunk_mikee_crab_dinner, layout_cave_shapes, wad_woods_06,
          nicolae_quartered_pool_medium, minmay_hedge_maze
Lair:4:   layout_hall_layers, st_stairs_10, kennysheep_abandoned_house,
          grunt_megastairs_4

Skill      XL: |  1  2  3  4  5  6  7  8  9 10 11 12 13 |
---------------+----------------------------------------+-----
Polearms       | 4 5 7 8 9 11 13 14 | 14.8
Fighting       | 7 10 12 | 12.6
Dodging        | 7 10 11 | 11.9
Invocations    | 2 8 9 |  9.1
Evocations     | 2 7 |  7.1
Throwing       | |  2.0

Action                   |  1- 3 |  4- 6 |  7- 9 | 10-12 | 13-15 || total
-------------------------+-------+-------+-------+-------+-------++-------
Melee: Trident           |    57 |    66 |   347 |   844 |       ||  1314
       Headbutt          |     3 |    16 |    56 |   172 |    37 ||   284
       Glaive            |       |    98 |    29 |       |       ||   127
       Halberd           |       |       |       |    14 |   113 ||   127
Throw: Throwing net      |       |       |     1 |       |       ||     1
Invok: Lesser Servant of |       |       |       |     1 |     1 ||     2
Evoke: Wand              |       |       |       |     4 |       ||     4
  Use: Scroll            |     6 |     4 |     5 |     7 |     2 ||    24
       Potion            |     1 |     5 |     4 |     5 |       ||    15
 Stab: Sleeping          |       |       |       |     3 |       ||     3
  Eat: Ration            |       |     1 |     1 |     2 |       ||     4
       Chunk             |       |     5 |     8 |    14 |     3 ||    30
Armor: Leather armour    |     5 |    28 |     2 |       |       ||    35
       Ring mail         |       |       |    48 |       |       ||    48
       Steam dragon scal |       |       |     5 |   114 |    22 ||   141
Dodge: Dodged            |    24 |    82 |   142 |   587 |    93 ||   928
